 Dungeon Crawl Stone Soup version 0.16.2-12-gd0ad4c3 (webtiles) character file.

416 tognito the Skirmisher (level 6, -12/56 HPs)
             Began as a Minotaur Berserker on Oct 10, 2015.
             Was a Priest of Trog.
             Mangled by Menkaure (17 damage)
             ... on level 5 of the Dungeon on Oct 26, 2015.
             The game lasted 00:19:08 (3921 turns).

tognito the Skirmisher (Minotaur Berserker)         Turns: 3921, Time: 00:19:09

Health: -12/56     AC: 14    Str: 24    XL:     6   Next: 60%
Magic:  3/3        EV:  7    Int:  4    God:    Trog [***...]
Gold:   216        SH:  0    Dex:  9    Spells: 0 memorised, 5 levels left

rFire  . . .     SeeInvis .     a - +0 hand axe
rCold  . . .     Clarity  +     z - +0 plate armour
rNeg   . . .     SustAb   .     (no shield)
rPois  .         Gourm    .     (helmet restricted)
rElec  .         Spirit   .     (no cloak)
rCorr  .         Warding  .     (no gloves)
rMut   .         Stasis   .     p - +2 pair of boots
MR     .....                    t - amulet of clarity
Stlth  ..........               (no ring)
                                (no ring)

@: not resistant to hostile enchantments, extremely unstealthy
A: retaliatory headbutt, beak, horns 2
a: Burn Spellbooks, Berserk, Trog's Hand, Renounce Religion


You were on level 5 of the Dungeon.
You worshipped Trog.
Trog was most pleased with you.
You were near starving.

You visited 1 branch of the dungeon, and saw 5 of its levels.

You collected 216 gold pieces.

Inventory:

Hand weapons
 a - a +0 hand axe (weapon)
 b - a +0 hunting sling
Missiles
 g - 77 arrows
 l - 8 javelins of returning (quivered)
 q - 82 bolts
 w - 28 sling bullets
Armour
 p - a +2 pair of boots (worn)
 z - a +0 plate armour (worn)
Jewellery
 t - an amulet of clarity (around neck)
Scrolls
 d - a scroll of amnesia {unknown}
 f - 3 scrolls of remove curse {unknown}
 h - 3 scrolls of identify {unknown}
 i - 2 scrolls of immolation {unknown}
 k - 2 scrolls of blinking {unknown}
 m - a scroll of fear {unknown}
 s - a scroll of noise {unknown}
 C - a scroll of enchant armour {unknown}
 D - 3 scrolls of enchant weapon {unknown}
 E - a scroll of magic mapping {unknown}
Potions
 e - a potion of curing
 n - 2 potions of resistance
 o - 3 potions of cure mutation
 r - 2 potions of might
 u - a potion of haste
Comestibles
 c - 6 bread rations
 j - 4 meat rations
 v - a royal jelly
 A - a slice of pizza
 B - 2 beef jerkies


   Skills:
 * Level 5.6 Fighting
 * Level 5.5 Axes
 + Level 2.4(2.5) Slings
 + Level 0.6(1.5) Throwing
 + Level 4.0 Armour
 + Level 3.4 Dodging
 + Level 0.5 Stealth


You had 5 spell levels left.
You didn't know any spells.

Dungeon Overview and Level Annotations

Branches:
Dungeon (5/15)
 Temple: D:4-7

Altars:
Kikubaaqudgha
Makhleb
Nemelex Xobeh
Okawaru
Yredelemnul

Annotations:
D:5 Menkaure


Innate Abilities, Weirdness & Mutations

You reflexively headbutt those who attack you in melee.
You have a pair of horns on your head.
You have a beak for a mouth.


Message History

* * * LOW HITPOINT WARNING * * *
You are too injured to fight recklessly!
You are too injured to fight recklessly!
You are too injured to fight recklessly!
You are too injured to fight recklessly!
You are too injured to fight recklessly!
You are too injured to fight recklessly!
You are too injured to fight recklessly!
You are too injured to fight recklessly!
You are too injured to fight recklessly!
You are too injured to fight recklessly!
You hit Menkaure. You peck Menkaure, but do no damage.
Menkaure is lightly damaged.
Menkaure hits you!
* * * LOW HITPOINT WARNING * * *
Your plate armour prevents you from hitting Menkaure.
Your headbutt misses Menkaure.
Menkaure is lightly damaged.
Menkaure hits you!
You die...

##.....###
...........
########## #### #
#.. # #.#
################.#
.................#
###############$.#
# #M@# # ##.# #
... # #.... #
+....# + #....# #
####.# # .#


You could see Menkaure.

Vanquished Creatures
  A scorpion (D:5)
  A giant frog skeleton (D:4)
  A hound (D:3)
  5 worker ants
  Ijyb (D:3)
  A hound skeleton (D:5)
  Terence (D:3)
  Robin (D:3)
  4 adders
  A shadow imp (D:5)
  A worm (D:4)
  An ooze (D:3)
  4 orcs
  2 ball pythons
  8 bats
  4 giant cockroaches
  12 goblins
  10 hobgoblins
  3 jackals (D:2)
  4 giant geckos
  4 giant newts
  10 kobolds
  A quokka (D:3)
  8 rats
89 creatures vanquished.

Notes
Turn   | Place    | Note
--------------------------------------------------------------
     0 | D:1      | tognito, the Minotaur Berserker, began the quest for the Orb.
     0 | D:1      | Reached XP level 1. HP: 19/19 MP: 1/1
   453 | D:1      | Reached XP level 2. HP: 27/27 MP: 1/1
   517 | D:1      | Found a sparkling altar of Nemelex Xobeh.
   841 | D:2      | Reached skill level 4 in Fighting
   851 | D:2      | Acquired Trog's second power
  1043 | D:2      | Reached XP level 3. HP: 33/33 MP: 2/2
  1191 | D:2      | Found an ancient bone altar of Kikubaaqudgha.
  1194 | D:2      | Found an iron altar of Okawaru.
  1197 | D:2      | Found a basalt altar of Yredelemnul.
  1405 | D:3      | Noticed Ijyb
  1413 | D:3      | Killed Ijyb
  1430 | D:3      | Noticed Robin
  1439 | D:3      | Reached XP level 4. HP: 26/41 MP: 2/2
  1442 | D:3      | Killed Robin
  1696 | D:3      | Noticed Terence
  1715 | D:3      | Killed Terence
  1925 | D:3      | Reached skill level 5 in Fighting
  1925 | D:3      | Reached XP level 5. HP: 42/48 MP: 2/2
  2029 | D:3      | Found a burning altar of Makhleb.
  2543 | D:4      | Reached skill level 5 in Axes
  2620 | D:4      | Reached skill level 1 in Slings
  2865 | D:4      | Reached XP level 6. HP: 56/56 MP: 3/3
  2887 | D:4      | Gained mutation: You have a beak for a mouth. [potion of beneficial mutation]
  3646 | D:5      | Entered Level 5 of the Dungeon
  3916 | D:5      | Noticed Menkaure
  3921 | D:5      | Mangled by Menkaure

Action                   |  1- 3 |  4- 6 || total
-------------------------+-------+-------++-------
Melee: Hand axe          |    78 |   124 ||   202
 Fire: Hunting sling     |       |    56 ||    56
Throw: Javelin           |       |     7 ||     7
Invok: Berserk           |     1 |       ||     1
  Use: Potion            |     7 |     2 ||     9
  Eat: Chunk             |     2 |     7 ||     9
